Map: Acropolis LE

Players

Mez

  • Race: Terran Terran
  • League: Master
  • Spawn Location: 5:00

IlIlIlIlIlIl - Winner!

  • Race: Zerg Zerg
  • League: Master
  • Spawn Location: 11:00

VOD

Have the link to the VOD?

Description

Time

  • Played on: Aug. 28, 2019, 4:23 a.m.
  • Length: 14:02
Show
View Real Time Build Order
Export as new Build Order

Mez Terran 

Build Orders: Liberator Opening, Reaper Expand 

Get SALT Encoding   

  12  0:00  SCV  
  13  0:13  SCV  
  14  0:17  Supply Depot  
  14  0:25  SCV  
  15  0:38  SCV  
  15  0:40  Barracks  
  16  0:44  Refinery  
  16  0:50  SCV  
  17  1:02  SCV  
  18  1:15  SCV  
  19  1:28  Orbital Command, Reaper  
  20  1:40  Command Center  
  20  1:48  Supply Depot  
  20  1:54  SCV  
  20  2:00  Marine  
  22  2:07  SCV  
  23  2:11  Factory  
  23  2:15  Refinery  
  23  2:19  SCV  
  24  2:24  Barracks Reactor  
  24  2:35  SCV  
  24  2:47  SCV  
  24  2:55  Orbital Command  
  24  2:57  Starport  
  26  3:06  Hellion x2  
  26  3:08  SCV  
  26  3:09  Barracks Tech Lab  
  29  3:20  SCV  
  29  3:21  SCV  
  29  3:23  Liberator  
  31  3:28  Hellion x2  
  38  3:41  SCV x2  
  38  3:45  Stimpack  
  41  3:53  SCV, Hellion x2  
  46  3:56  Supply Depot  
  46  4:00  SCV  
  46  4:17  Supply Depot  
  46  4:18  SCV x2  
  46  4:23  Command Center  
  48  4:37  Starport Reactor  
  48  4:38  Factory Reactor  
  48  4:39  Barracks, SCV x2  
  48  4:42  Barracks  
  50  4:48  Marine  
  50  4:49  Engineering Bay  
  50  4:50  Engineering Bay  
  50  4:51  SCV x2  
  53  5:02  Refinery  
  53  5:03  SCV x2  
  53  5:04  Refinery  
  53  5:06  Marine  
  44  5:14  Supply Depot  
  44  5:15  SCV x2  
  46  5:22  Terran Infantry Armor Level 1, Terran Infantry Weapons Level 1  
  46  5:24  Marine  
  47  5:30  SCV x2  
  46  5:37  Orbital Command  
  46  5:42  SCV  
  46  5:44  SCV  
  48  5:51  Marine x2, Medivac x2  
  48  5:52  Marine  
  48  5:54  Factory Tech Lab  
  48  5:55  SCV  
  48  5:56  Marine x2, SCV  
  59  6:04  Barracks  
  59  6:05  Barracks  
  59  6:07  SCV  
  60  6:12  Supply Depot  
  60  6:17  Marine x3  
  60  6:18  Marine x2, Armory  
  65  6:25  Siege Tank  
  68  6:35  Marine x3  
  71  6:43  Marine x2  
  73  6:53  Marine x2  
  75  6:54  Orbital Command  
  75  6:56  Marine  
  75  6:58  Barracks Reactor  
  75  6:59  Barracks Reactor  
  75  7:00  Medivac x2  
  75  7:01  Marine, Siege Tank  
  84  7:04  SCV x2  
  86  7:15  Marine x4  
  90  7:16  SCV x2, Supply Depot  
  90  7:17  Factory  
  90  7:18  Supply Depot  
  90  7:19  Marine  
  93  7:29  Terran Infantry Armor Level 2, Terran Infantry Weapons Level 2  
  93  7:37  Marine x4  
  93  7:38  Siege Tank  
  93  7:40  Marine x5  
  93  7:43  SCV x3  
  107  7:55  Marine, SCV, Supply Depot  
  107  7:56  Supply Depot  
  109  8:08  Factory Tech Lab  
  109  8:14  Supply Depot  
  109  8:16  Marine x7, Terran Vehicle Weapons Level 1  
  109  8:17  SCV  
  109  8:18  Marine x2, Siege Tank, SCV  
  109  8:19  Supply Depot  
  123  8:22  Supply Depot x2, Medivac  
  125  8:35  Marine x4, SCV, Medivac  
  125  8:36  SCV  
  133  8:45  Marine x5  
  125  8:50  Siege Tank  
  125  8:51  Siege Tank  
  125  8:53  Marine x4, Medivac  
  136  8:56  Supply Depot  
  136  8:58  Supply Depot  
  136  8:59  Command Center  
  136  9:03  Marine x2  
  138  9:12  Marine  
  138  9:13  Marine x6  
  138  9:14  SCV x2  
  147  9:17  SCV  
  147  9:21  Refinery  
  147  9:22  Refinery  
  148  9:26  SCV x2  
  148  9:30  Marine x5, SCV  
  156  9:31  Supply Depot  
  156  9:32  Supply Depot  
  156  9:36  Siege Tank  
  156  9:38  Siege Tank, SCV  
  158  9:53  Marine x9  
  158  9:55  Medivac x2  
  167  10:08  Siege Tank  
  167  10:11  Marine x4  
  174  10:15  Marine x5  
  174  10:16  Siege Tank  
  182  10:28  Marine  
  182  10:29  Marine  
  182  10:31  Terran Infantry Armor Level 3, Terran Infantry Weapons Level 3  
  182  10:32  Barracks  
  182  10:33  Barracks  
  182  10:34  Barracks  
  184  10:45  Marine x7  
  184  10:46  Marine, Siege Tank  
  184  10:47  Marine  
  184  10:48  Combat Shield  
  196  11:14  Marine x4  
  190  12:07  Concussive Shells  
  176  12:17  Marine x2  
  176  12:18  Marine x2  
  176  12:19  Marine x3  
  176  12:20  Marine  
  176  12:21  Marine  
  172  12:23  Marine x2  
  172  12:27  Marine, Siege Tank  
  172  12:29  Siege Tank  
  139  12:55  Supply Depot  
  138  13:02  Supply Depot  
  138  13:03  Supply Depot x2  
  138  13:04  Supply Depot  
  136  13:24  Marine x12, Siege Tank  
  136  13:25  Siege Tank  
  117  13:42  Marine x8  
Show
View Real Time Build Order
Export as new Build Order

IlIlIlIlIlIl Zerg - Winner!

Build Orders: Hatch First 

Get SALT Encoding   

  12  0:00  Drone  
  13  0:12  Overlord  
  13  0:16  Drone  
  14  0:30  Drone  
  14  0:31  Drone  
  14  0:34  Drone  
  17  0:51  Hatchery  
  17  0:55  Drone  
  17  0:58  Drone  
  18  1:09  Extractor  
  17  1:13  Spawning Pool  
  17  1:15  Drone  
  17  1:18  Drone  
  18  1:29  Drone  
  19  1:46  Overlord  
  19  1:51  Drone  
  20  1:59  Queen  
  22  2:02  Zergling x2  
  22  2:03  Queen  
  22  2:04  Zergling x2  
  26  2:10  Drone  
  26  2:11  Metabolic Boost  
  26  2:14  Drone  
  28  2:21  Drone  
  29  2:34  Drone x2  
  31  2:44  Pneumatized Carapace  
  31  2:46  Drone  
  31  2:47  Drone x2  
  31  2:48  Queen  
  36  2:57  Overlord  
  36  3:03  Hatchery  
  35  3:08  Drone  
  35  3:09  Overlord  
  36  3:18  Overlord  
  36  3:20  Drone x2  
  36  3:22  Drone  
  39  3:27  Queen  
  40  3:38  Drone x3  
  42  3:47  Drone x2  
  42  3:48  Queen  
  46  4:01  Overlord  
  46  4:03  Zergling x2  
  46  4:04  Zergling x8  
  46  4:08  Queen  
  53  4:12  Zergling x2  
  54  4:24  Drone x3  
  56  4:25  Queen  
  56  4:29  Queen  
  61  4:35  Drone x2  
  61  4:36  Zergling x8  
  61  4:37  Zergling x2  
  68  4:40  Overlord  
  68  4:53  Drone x3  
  68  4:59  Overlord x2  
  68  5:09  Drone x4  
  68  5:10  Drone x2  
  73  5:20  Drone x3  
  76  5:22  Lair  
  76  5:24  Extractor  
  76  5:25  Extractor  
  76  5:26  Baneling Nest, Drone x3  
  75  5:33  Drone x3  
  75  5:35  Extractor  
  76  5:40  Drone  
  76  5:43  Evolution Chamber  
  76  5:44  Evolution Chamber  
  76  5:49  Drone x2  
  76  5:57  Drone x2  
  76  5:58  Drone x4  
  82  6:04  Zergling x4  
  82  6:09  Hatchery  
  83  6:14  Zergling x4  
  83  6:15  Zergling x2  
  86  6:25  Centrifical Hooks, Zerg Melee Weapons Level 1  
  86  6:26  Zerg Ground Armor Level 1  
  86  6:27  Drone x5  
  86  6:28  Drone x6  
  86  6:31  Extractor  
  86  6:32  Extractor  
  95  6:34  Overlord  
  95  6:42  Zergling x4  
  95  6:53  Zergling x2  
  95  6:54  Zergling x14  
  97  6:59  Overlord  
  93  7:02  Zergling x8  
  93  7:05  Baneling x4  
  97  7:10  Zergling x2  
  98  7:18  Overlord x2  
  98  7:31  Zergling x2  
  98  7:32  Zergling x18  
  98  7:36  Baneling  
  107  7:37  Baneling x7  
  107  7:42  Zergling x8  
  103  8:00  Drone x3  
  103  8:01  Drone x6  
  112  8:12  Infestation Pit, Spire, Drone x2  
  112  8:15  Overlord  
  112  8:18  Overlord  
  112  8:19  Overlord x4  
  112  8:25  Zergling x4  
  112  8:26  Zergling x2, Hatchery  
  112  8:29  Spore Crawler  
  112  8:30  Spine Crawler  
  112  8:32  Spine Crawler  
  112  8:33  Spine Crawler  
  110  8:34  Zergling x10  
  110  8:35  Zergling x6  
  116  8:45  Hydralisk Den  
  105  8:53  Zergling x2  
  105  8:54  Zergling x22  
  116  9:01  Zerg Melee Weapons Level 2, Zerg Ground Armor Level 2, Hive  
  113  9:12  Pathogen Glands  
  113  9:14  Zergling x12  
  113  9:15  Zergling x12  
  125  9:20  Drone x5  
  125  9:22  Extractor  
  129  9:27  Overlord  
  129  9:36  Overlord  
  129  9:40  Hatchery  
  129  9:43  Zergling x16  
  129  9:44  Zergling x8  
  137  9:57  Drone x3  
  137  9:58  Drone  
  137  9:59  Drone  
  142  10:01  Baneling, Extractor  
  142  10:02  Baneling x25  
  142  10:03  Baneling x3  
  142  10:05  Drone x4  
  142  10:06  Drone x7  
  151  10:08  Neural Parasite  
  151  10:16  Grooved Spines  
  151  10:18  Spire  
  149  10:22  Adrenal Glands  
  149  10:26  Hydralisk  
  149  10:27  Hydralisk x3  
  157  10:32  Overlord x4  
  157  10:33  Overlord  
  157  10:34  Overlord  
  157  10:48  Ultralisk Cavern  
  155  11:02  Baneling  
  155  11:03  Baneling x17  
  154  11:11  Zergling x24  
  153  11:12  Zergling x34  
  173  11:25  Extractor  
  173  11:26  Extractor  
  173  11:27  Muscular Augments  
  173  11:32  Zergling x26  
  178  11:39  Baneling  
  172  11:40  Baneling x8  
  172  11:41  Chitinous Plating  
  172  11:47  Zergling x2  
  172  11:48  Zergling x22  
  172  11:53  Overlord x3  
  172  11:54  Overlord  
  184  12:03  Spore Crawler  
  184  12:04  Spore Crawler  
  184  12:05  Spore Crawler  
  180  12:19  Hatchery  
  180  12:21  Ultralisk  
  180  12:22  Ultralisk x2  
  188  12:28  Hatchery  
  177  12:30  Zergling x2  
  177  12:31  Zergling x14  
  180  12:41  Zergling x2  
  180  12:42  Zergling x18  
  180  12:43  Zergling x2  
  180  12:55  Baneling x8  
  180  12:56  Baneling x10  
  176  13:00  Anabolic Synthesis  
  171  13:05  Baneling  
  171  13:06  Baneling x2  
  171  13:07  Drone x9  
  144  13:27  Zergling x2  
  144  13:28  Zergling x22  
  154  13:36  Zergling x2  
  154  13:37  Zergling x10  
  160  13:44  Zergling x2  
  160  13:45  Zergling x4  
Tags
 
Add a new tag
Caveats
  • Supply blocks, unpowered buildings, or Contaminate may cause inaccurate times.
  • Supply counts are checked every 10 seconds.